 Dungeon Crawl Stone Soup version 0.24-a0-615-g751f86b5a9 (webtiles) character file.

Game seed: 1055492848420565837, levelgen mode: deterministic

176 JJwallis03 the Chopper (level 5, -2/46 HPs)
             Began as a Draconian Berserker on Sept 13, 2019.
             Was a Believer of Trog.
             Slain by an ice beast (12 damage)
             ... on level 5 of the Dungeon.
             The game lasted 00:22:51 (2197 turns).

JJwallis03 the Chopper (Draconian Berserker)        Turns: 2197, Time: 00:22:51

Health: -2/46      AC:  5    Str: 20    XL:     5   Next: 30%
Magic:  5/5        EV: 13    Int:  7    God:    Trog [**....]
Gold:   121        SH:  0    Dex: 11    Spells: 4/4 levels left

rFire    . . .     SeeInvis .   i - +0 war axe
rCold    . . .     Gourm    .   (no shield)
rNeg     . . .     Faith    .   (armour unavailable)
rPois    .         Spirit   .   (helmet restricted)
rElec    .         Reflect  .   (no cloak)
rCorr    .         Harm     .   (no gloves)
MR       .....                  (no boots)
Stlth    +.........             (no amulet)
HPRegen  0.15/turn              (no ring)
MPRegen  0.09/turn              (no ring)

@: slowed, very slow
A: unfitting armour, cold-blooded, AC +5
a: Berserk, Trog's Hand, Renounce Religion


You were on level 5 of the Dungeon.
You worshipped Trog.
Trog was pleased with you.
You were full.

You visited 1 branch of the dungeon, and saw 5 of its levels.

You collected 121 gold pieces.

Inventory:

Hand Weapons
 a - a +0 hand axe
 i - a +0 war axe (weapon)
Missiles
 h - 8 silver javelins (quivered)
Scrolls
 b - a scroll of fog {unknown}
 c - 2 scrolls of amnesia {unknown}
 d - a scroll of remove curse {unknown}
 g - a scroll of magic mapping {unknown}
Potions
 e - 4 potions of curing {unknown}
 f - a potion of brilliance {unknown}
 j - a potion of heal wounds {unknown}
Comestibles
 k - a ration


   Skills:
 + Level 4.1 Fighting
 + Level 4.6 Axes
 + Level 3.7 Dodging
 + Level 1.0 Stealth


You had 4 spell levels left.
You didn't know any spells.
Your spell library was empty.

Dungeon Overview and Level Annotations

Branches:
Dungeon (5/15)
 Temple: D:4-7

Altars:


Innate Abilities, Weirdness & Mutations

Your plain brown scales are hard. (AC +5)
You cannot fit into any form of body armour.
You are cold-blooded and may be slowed by cold attacks.


Message History

The ice beast is lightly wounded.
The ice beast hits you but does no damage.
You barely miss the ice beast.
You tail-slap the ice beast, but do no damage.
The ice beast is lightly wounded.
The ice beast hits you. The ice beast freezes you!
You feel yourself slow down.
* * * LOW HITPOINT WARNING * * *
You hit the ice beast.
The ice beast is moderately wounded.
You feel yourself speed up. The ice beast misses you.
The ice beast closely misses you.
You closely miss the ice beast.
The ice beast is moderately wounded.
The ice beast misses you.
You hit the ice beast but do no damage.
The ice beast is moderately wounded.
The ice beast hits you.
* * * LOW HITPOINT WARNING * * *
The ice beast freezes you!
You feel yourself slow down.
You die...

#.. ...≈♣♣ ... ...♣≈≈♣
#.$#♣♣≈≈≈≈≈≈
#.♣♣≈≈≈≈≈≈≈≈
##P≈≈≈≈≈≈≈≈≈P
.≈P≈≈≈P≈≈≈P≈P #####
#≈≈≈PP≈≈≈P≈♣
......#######.♣♣P≈≈≈.≈≈.
.....OY@................
###############.........
##....≈..≈ ###♣≈≈≈≈≈
#♣♣≈≈P ♣♣♣♣


You could see an ice beast and an ogre.

Vanquished Creatures
  A howler monkey (D:5)
  2 crimson imps (D:5)
  A jelly (D:5)
  A leopard gecko (D:4)
  An orc (D:5)
  2 giant cockroaches
  9 goblins
  6 hobgoblins
  6 kobolds
  A ball python (D:1)
  3 bats (D:1)
  2 frilled lizards (D:1)
  A leopard gecko skeleton (D:5)
  5 rats
41 creatures vanquished.

Notes
Turn   | Place    | Note
-------+----------+-------------------------------------------
     0 | D:1      | JJwallis03 the Draconian Berserker began the quest for the
                  | Orb.
     0 | D:1      | Reached XP level 1. HP: 19/19 MP: 1/1
   222 | D:1      | Reached XP level 2. HP: 19/26 MP: 2/2
  1488 | D:1      | Reached XP level 3. HP: 30/33 MP: 3/3
  1631 | D:2      | Reached ** piety under Trog
  1779 | D:5      | Entered Level 5 of the Dungeon
  1939 | D:5      | Reached XP level 4. HP: 40/40 MP: 4/4
  2073 | D:5      | Reached XP level 5. HP: 25/46 MP: 5/5
  2170 | D:5      | Reached skill level 1 in Stealth
  2188 | D:5      | Noticed an ogre
  2189 | D:5      | Noticed an ice beast
  2197 | D:5      | Slain by an ice beast

Levels and vault maps discovered:
D:1:      dpeg_arrival_morbid_curiosity, layout_loops_ring
D:2:      layout_loops_ring, uniq_crazy_yiuf_cottage
D:3:      layout_basic, first_ration, minmay_pentomino_pile
D:4:      layout_basic, minmay_temple_entry_glassed_door, uniq_edmund
D:5:      corexii_shack_village, layout_loops_ring, serial_bayou,
          serial_bayou_pond_c, serial_bayou_pond_a, serial_bayou_ford_a,
          serial_bayou_pond_c, led_sif_pool

Skill      XL: |  1  2  3  4  5 |
---------------+----------------+-----
Dodging        | 3 |  3.7
Axes           | 4 |  4.6
Fighting       | 4 |  4.1
Stealth        | 1 |  1.0

Action                   |  1- 3 |  4- 6 || total
-------------------------+-------+-------++-------
Melee: Hand axe          |    81 |     2 ||    83
       Tailslap          |     3 |     7 ||    10
       War axe           |       |    48 ||    48
Throw: Javelin           |     1 |     1 ||     2
Invok: Berserk           |     2 |       ||     2
  Eat: Ration            |     4 |       ||     4
Armor: Skin              |    38 |    17 ||    55
Dodge: Dodged            |    97 |    40 ||   137

Table legend:
 A = Non-vault XP
 B = Vault XP
 C = Vault XP percentage of total XP
 D = Non-vault monster count
 E = Vault monster count
 F = Vault count percentage of total count
                 A         B        C        D         E       F
            +---------+---------+-------+---------+---------+-------
      Total |     232 |      20 |   7.9 |      30 |      11 |  26.8
            +---------+---------+-------+---------+---------+-------
        D:1 |      33 |       9 |  21.4 |      22 |       5 |  18.5
        D:2 |       3 |       0 |   0.0 |       2 |       0 |   0.0
        D:4 |       3 |       0 |   0.0 |       1 |       0 |   0.0
        D:5 |     193 |      11 |   5.4 |       5 |       6 |  54.5
            +---------+---------+-------+---------+---------+-------
